 Dungeon Crawl Stone Soup version 0.26.1-11-gd32895ea62 (webtiles) character file.

Game seed: 1584842961880804518

12116 raph the Frost Mage (level 11, -5/63 HPs)
             Began as a Deep Elf Ice Elementalist on Apr 25, 2021.
             Was a Believer of Vehumet.
             Slain by a boulder beetle (38 damage)
             ... on level 2 of the Lair of Beasts.
             The game lasted 00:40:22 (18238 turns).

raph the Frost Mage (Deep Elf Ice Elementalist)    Turns: 18238, Time: 00:40:22

Health: -5/63      AC: 15    Str:  8    XL:     11   Next: 58%
Magic:  18/25      EV: 21    Int: 23    God:    Vehumet [**....]
Gold:   277        SH:  0    Dex: 15    Spells: 4/27 levels left

rFire    . . .     SeeInvis .   a - +7 dagger (vorpal)
rCold    . . .     Faith    .   (no shield)
rNeg     . . .     Spirit   .   y - +2 steam dragon scales
rPois    .         Reflect  .   i - +2 hat
rElec    .         Harm     .   m - +1 cloak
rCorr    .         Rampage  .   k - +0 pair of gloves
Will     ++...                  N - +2 pair of boots of the Untouchables {Str+2}
Stlth    ++++......             (no amulet)
HPRegen  0.20/turn              L - ring of willpower
MPRegen  0.19/turn              K - +4 ring of evasion

@: no status effects
A: no striking features
a: Renounce Religion


You were on level 2 of the Lair of Beasts.
You worshipped Vehumet.
Vehumet was pleased with you.
You visited 3 branches of the dungeon, and saw 13 of its levels.
You also visited: Sewer.

You collected 732 gold pieces.
You spent 455 gold pieces at shops.

Inventory:

Hand Weapons
 a - a +7 vorpal dagger (weapon)
 d - a +0 dagger
 t - a +2 vampiric dagger
Armour
 i - a +2 hat (worn)
 k - a +0 pair of gloves (worn)
 m - a +1 cloak (worn)
 n - a +2 pair of boots
 q - a +0 robe
 y - +2 steam dragon scales (worn)
 G - a +2 pair of boots of flying
 N - the +2 pair of boots of the Untouchables (worn) {Str+2}
   (You bought it in a shop on level 10 of the Dungeon)

   It affects your strength (+2).
Jewellery
 j - an uncursed ring of positive energy
 x - an uncursed ring of fire
 K - a +4 ring of evasion (right hand)
 L - a ring of willpower (left hand)
Wands
 b - a wand of disintegration (21)
 r - a wand of digging (4)
 u - a wand of polymorph (10)
 E - a wand of acid (10)
Scrolls
 e - 3 scrolls of magic mapping
 l - 2 scrolls of amnesia
 o - 4 scrolls of remove curse
 s - 6 scrolls of teleportation
 D - 3 scrolls of identify
 H - a scroll of brand weapon
 J - a scroll of fear
 O - a scroll of acquirement {unknown}
Potions
 c - 2 potions of heal wounds
 f - 3 potions of lignification
 g - a potion of resistance
 h - 2 potions of magic
 p - a potion of flight
 v - a potion of invisibility
 w - 3 potions of brilliance
 z - a potion of haste
 A - a potion of cancellation
 B - a potion of mutation
 C - 2 potions of curing
 F - 2 potions of berserk rage
 M - a potion of attraction


   Skills:
 + Level 5.0 Fighting
 * Level 2.4 Short Blades
 + Level 8.0 Dodging
 + Level 8.5 Stealth
 + Level 8.5 Spellcasting
 + Level 7.3 Conjurations
 + Level 7.1 Summonings
 + Level 1.6 Transmutations
 * Level 11.3 Ice Magic


You had 4 spell levels left.
You knew the following spells:

 Your Spells              Type           Power        Failure   Level
a - Freeze                Ice            100%         1%          1
b - Frozen Ramparts       Ice            100%         1%          3
c - Ozocubu's Armour      Ice            58%          1%          3
d - Summon Ice Beast      Ice/Summ       51%          1%          4
e - Hailstorm             Conj/Ice       51%          1%          4
f - Ice Form              Ice/Tmut       39%          4%          4
g - Magic Dart            Conj           100%         1%          1
h - Ignite Poison         Fire/Tmut/Pois 12%          16%         3

Your spell library contained the following spells:

 Spells                   Type           Power        Failure   Level
 Beastly Appendage        Tmut           34%          3%          1
 Wereblood                Tmut           17%          4%          2
 Spider Form              Tmut/Pois      6%           14%         3
 Blade Hands              Tmut           8%           67%         5


Dungeon Overview and Level Annotations

Branches:
Dungeon (10/15)            Temple (1/1) D:7            Lair (2/6) D:10
    Orc (0/2) D:9           Sewer (visited)
  Swamp: Lair:2-4    Shoals: Lair:2-4     Snake: Lair:2-4    Spider: Lair:2-4

Altars:
Ashenzari
Cheibriados
Dithmenos
Elyvilon
Fedhas
Gozag
Hepliaklqana
Kikubaaqudgha
Makhleb
Nemelex Xobeh
Okawaru
Qazlal
Ru
Sif Muna
Trog
Uskayaw
Vehumet
Wu Jian
Xom
Yredelemnul
Zin
The Shining One

Shops:
D:10 [((}?

Annotations:
D:7 1 runed translucent door, ZZKoverts's ghost, novice DEDe
D:9 exclusion: ice statue
D:10 2 runed translucent doors, manyhoops's ghost, novice PaTm


Message History

As you read the scroll of blinking, it crumbles to dust.
Casting: Frozen Ramparts (safe; 1% risk of failure)
Confirm with . or Enter, or press ? or * to list all spells.
A chill wind blows around you. The boulder beetle barely misses you.
The boulder beetle stops rolling and uncurls.
You swap places.
The boulder beetle curls into a ball and begins rolling!
Your ice beast hits the boulder beetle but does no damage.
The boulder beetle hits your ice beast!!
The boulder beetle stops rolling and uncurls.
Your ice beast hits the boulder beetle but does no damage.
The boulder beetle bites your ice beast!!
Your ice beast dies!
The boulder beetle curls into a ball and begins rolling!
Casting: Summon Ice Beast (dangerous; 1% risk of failure)
Confirm with . or Enter, or press ? or * to list all spells.
A chill wind blows around you. The boulder beetle hits you!!!
Ouch! That really hurt!
You die...

...# #.P# ..#
##.## ##.# #○.##
#..######..#
#...°°...##
#.P°#.#.##
#.°..#### ##B#.P##
### #.@Y...#####
#...###...#..#..#
.................
..P.#....#...[#...
#......P##...##.##
.........#......#
#^#..P..<....##>.#
#.P.........## #.
#.^..P##.#.##


You could see a boulder beetle and a friendly ice beast (summoned).

Vanquished Creatures
  Erolcha (D:10)
  Erica (D:8)
  An unseen horror (D:10)
  Psyche (D:10)
  5 cane toads
  Maggie (D:8)
  A centaur skeleton (D:10)
  A rime drake (Lair:1)
  A komodo dragon (Lair:1)
  A troll (D:9)
  Sigmund (D:2)
  3 yaks (Lair:1)
  Menkaure (D:5)
  Edmund (D:4)
  7 water moccasins
  6 orc warriors
  An ice beast (D:10)
  3 sky beasts
  A black bear (D:10)
  A phantom (D:9)
  4 centaurs
  6 ogres
  3 wolves (Lair:1)
  10 bullfrogs
  A gnoll sergeant (D:5)
  2 scorpions
  8 killer bees (D:8)
  2 howler monkeys
  A wight (D:6)
  A hound (D:9)
  2 jellies
  6 orc priests
  Crazy Yiuf (D:2)
  2 bullfrog skeletons
  3 iguanas
  12 orc wizards
  7 worker ants
  2 hound skeletons
  A worker ant zombie (D:8)
  5 gnolls (D:5)
  12 adders
  3 shadow imps
  2 white imps
  An ufetubus (D:8)
  3 adder skeletons
  An adder zombie (D:7)
  A dart slug (D:3)
  4 worms (D:3)
  5 leopard geckos
  41 orcs
  3 ball pythons
  8 giant cockroaches
  2 goblins
  16 hobgoblins
  5 jackals
  7 quokkas
  6 bats
  12 frilled lizards
  A giant cockroach zombie (D:5)
  A jackal skeleton (D:5)
  8 kobolds
  7 rats
  A butterfly (Lair:1)
268 creatures vanquished.

Vanquished Creatures (collateral kills)
  3 yaks (Lair:1)
  A water moccasin (Lair:2)
  A sky beast (D:10)
  A black bear (D:10)
  An ice beast (D:5)
  An ogre (D:6)
  A centaur (D:9)
  A wolf (Lair:1)
  3 bullfrogs
  A scorpion (D:6)
  4 wights
  A killer bee (D:8)
  A bullfrog zombie (D:9)
  An orc priest (D:8)
  An orc wizard (D:6)
  A shadow imp (D:7)
  An ufetubus (D:7)
  A leopard gecko (Sewer)
  3 orcs (D:7)
  A ball python (Sewer)
  2 giant cockroaches (Sewer)
  A frilled lizard (Sewer)
32 creatures vanquished.

Vanquished Creatures (others)
  An orc (D:8)
  57 fungi
  43 plants
101 creatures vanquished.

Grand Total: 401 creatures vanquished

Notes
Turn   | Place    | Note
-------+----------+-------------------------------------------
     0 | D:1      | raph the Deep Elf Ice Elementalist began the quest for the
                  | Orb.
     0 | D:1      | Reached XP level 1. HP: 10/10 MP: 6/6
   319 | D:1      | Reached XP level 2. HP: 15/15 MP: 6/8
   356 | D:1      | Reached skill level 5 in Ice Magic
  1084 | D:2      | Reached XP level 3. HP: 19/19 MP: 6/9
  1088 | D:2      | Learned a level 3 spell: Frozen Ramparts
  1092 | D:2      | Learned a level 3 spell: Ozocubu's Armour
  1365 | D:2      | Noticed Sigmund
  1406 | D:2      | Reached skill level 6 in Ice Magic
  1779 | D:3      | Reached XP level 4. HP: 24/24 MP: 10/10
  2348 | D:3      | Reached skill level 7 in Ice Magic
  2348 | D:3      | Reached XP level 5. HP: 15/28 MP: 7/11
  3574 | D:2      | Killed Sigmund
  3575 | D:2      | Reached skill level 1 in Fighting
  3575 | D:2      | Reached XP level 6. HP: 34/34 MP: 0/13
  3765 | D:2      | Found a runed translucent door.
  3766 | D:2      | Noticed Crazy Yiuf
  3774 | D:2      | Killed Crazy Yiuf
  3947 | D:4      | Learned a level 4 spell: Summon Ice Beast
  4021 | D:4      | Noticed Edmund
  4182 | D:4      | Reached XP level 7. HP: 38/38 MP: 8/15
  4188 | D:4      | Killed Edmund
  4189 | D:4      | Reached skill level 1 in Summonings
  5148 | D:5      | Entered Level 5 of the Dungeon
  5615 | D:5      | Reached skill level 5 in Spellcasting
  5795 | D:5      | Reached XP level 8. HP: 27/45 MP: 13/17
  6084 | D:5      | Reached skill level 8 in Ice Magic
  6090 | D:5      | Learned a level 4 spell: Hailstorm
  6724 | D:5      | Reached skill level 1 in Conjurations
  7015 | D:6      | Noticed Menkaure
  7025 | D:6      | Reached skill level 5 in Stealth
  7320 | D:5      | Killed Menkaure
  7427 | D:6      | Found a glowing drain.
  7436 | Sewer    | Entered a sewer
  8006 | Sewer    | Reached skill level 5 in Dodging
 10289 | D:7      | Found a runed translucent door.
 10294 | D:7      | Noticed ZZKoverts's ghost (novice DEDe)
 10354 | D:7      | Found a staircase to the Ecumenical Temple.
 10416 | Temple   | Entered the Ecumenical Temple
 10555 | Temple   | Became a worshipper of Vehumet
 10775 | D:7      | Reached XP level 9. HP: 50/50 MP: 5/18
 10954 | D:7      | Found a shimmering blue altar of Sif Muna.
 11290 | D:8      | Noticed Erica
 11300 | D:8      | Killed Erica
 11301 | D:8      | Reached skill level 5 in Summonings
 11301 | D:8      | Reached skill level 9 in Ice Magic
 11556 | D:8      | Found a blossoming altar of Fedhas.
 11689 | D:8      | Noticed Maggie
 11700 | D:8      | Killed Maggie
 11933 | D:8      | Learned a level 4 spell: Ice Form
 12405 | D:8      | Reached * piety under Vehumet
 12405 | D:8      | Offered knowledge of Shock by Vehumet.
 12443 | D:8      | Reached skill level 5 in Conjurations
 12899 | D:9      | Reached XP level 10. HP: 56/56 MP: 15/21
 13048 | D:9      | Found a broken altar of Ashenzari.
 13154 | D:9      | Found a blossoming altar of Fedhas.
 13352 | D:9      | Found a hazy altar of Hepliaklqana.
 13360 | D:9      | Found a sacrificial altar of Ru.
 13497 | D:9      | Reached skill level 10 in Ice Magic
 13590 | D:9      | Reached ** piety under Vehumet
 13590 | D:9      | Offered knowledge of Magic Dart by Vehumet.
 13593 | D:9      | Learned a level 1 spell: Magic Dart
 14251 | D:9      | Found a staircase to the Orcish Mines.
 14470 | D:9      | Noticed an ice statue
 14958 | D:10     | Entered Level 10 of the Dungeon
 14958 | D:10     | Noticed Psyche
 14962 | D:10     | Killed Psyche
 15061 | D:10     | Found Sudim Naacw's Gadget Boutique.
 15401 | D:10     | Killed an unseen horror
 15577 | D:10     | Found Qesilol's Weapon Emporium.
 15578 | D:10     | Found Otsuo's Antique Weapon Shoppe.
 15837 | D:10     | Found Pedyan's Magic Scroll Emporium.
 15842 | D:10     | Bought a scroll of enchant armour for 105 gold pieces
 15842 | D:10     | Bought a scroll of identify for 28 gold pieces
 15842 | D:10     | Bought a scroll of identify for 28 gold pieces
 15842 | D:10     | Bought a scroll of identify for 28 gold pieces
 15927 | D:10     | Noticed Erolcha
 15936 | D:10     | Killed Erolcha
 15937 | D:10     | Reached XP level 11. HP: 62/62 MP: 11/24
 16040 | D:10     | Found a staircase to the Lair.
 16291 | D:10     | Found a runed translucent door.
 16292 | D:10     | Noticed a skeletal warrior
 16293 | D:10     | Noticed a wolf spider
 16293 | D:10     | Noticed a necromancer
 16295 | D:10     | Noticed a wolf spider
 16296 | D:10     | Noticed a lich
 16297 | D:10     | Noticed manyhoops's ghost (novice PaTm)
 16300 | D:10     | Found a runed translucent door.
 16357 | D:10     | Found Lane's Antique Armour Shop.
 16360 | D:10     | Bought a pair of faintly humming boots for 266 gold pieces
 16370 | D:10     | Identified the +2 pair of boots of the Untouchables {Str+2}
                  | (You bought it in a shop on level 10 of the Dungeon)
 16592 | Lair:1   | Entered Level 1 of the Lair of Beasts
 16877 | Lair:1   | Reached skill level 11 in Ice Magic
 16922 | Lair:1   | Offered knowledge of Ignite Poison by Vehumet.
 16957 | Lair:1   | Learned a level 3 spell: Ignite Poison
 17060 | Lair:1   | Reached skill level 1 in Short Blades
 17245 | Lair:1   | Reached skill level 1 in Transmutations
 17457 | Lair:1   | Reached skill level 5 in Fighting
 18217 | Lair:2   | Noticed a boulder beetle
 18238 | Lair:2   | Slain by a boulder beetle

Illustrated notes

Levels and vault maps discovered:
D:1:      wander_arrival_chamber, layout_basic
D:2:      layout_basic, item_on_display_b, uniq_sigmund, uniq_crazy_yiuf_cottage
D:3:      minmay_razor_zed, layout_loops_ring
D:4:      layout_basic, uniq_edmund
D:5:      layout_rooms, serial_bayou_pond_d
D:6:      layout_basic, portal_sewer_entry_d, uniq_menkaure
D:7:      layout_gridville, minmay_temple_entry_drinking_statues,
          ebering_ghost_reflecting_pool, tgw_sif
D:8:      layout_loops_corners, fedhas_altar_1, uniq_maggie, uniq_erica
D:9:      lemuel_ice_statue, layout_basic, minitemple,
          chequers_temple_overflow_statue_of_worship, david_orc_4, st_stairs_4
D:10:     layout_basic, due_lair_maze_entry_diamond,
          muffindrake_ghost_dual_entry, serial_shops, shop, nicolae_shop_stone,
          shop, shop_statue, kennysheep_mini, serial_park_tiny_pond,
          corner_web_ring, uniq_erolcha, uniq_psyche
Temple:   compressed_dpeg_circular_temple
Lair:1:   layout_regular_city, grunt_megastairs_2, lemuel_fruit_fields
Lair:2:   lemuel_ratsnest, layout_loops_ring, nzn_sisyphean_effort,
          uniq_prince_ribbit2

Skill      XL: |  1  2  3  4  5  6  7  8  9 10 11 |
---------------+----------------------------------+-----
Ice Magic      | 5 6 7 8 9 10 11 | 11.3
Fighting       | 1 2 3 4 5 |  5.0
Dodging        | 3 4 5 6 7 8 |  8.0
Stealth        | 3 4 5 6 8 |  8.5
Spellcasting   | 4 5 6 7 8 |  8.5
Summonings     | 3 4 5 6 7 |  7.1
Conjurations   | 3 5 6 7 |  7.3
Short Blades   | 2 |  2.4
Transmutations | 1 |  1.6

Action                   |  1- 3 |  4- 6 |  7- 9 | 10-12 || total
-------------------------+-------+-------+-------+-------++-------
Melee: Dagger            |    20 |    73 |   180 |   136 ||   409
       Unarmed           |       |       |       |    30 ||    30
 Cast: Freeze            |    42 |     7 |     1 |     5 ||    55
       Frozen Ramparts   |       |    21 |    45 |    37 ||   103
       Ozocubu's Armour  |       |     6 |    13 |    10 ||    29
       Summon Ice Beast  |       |       |    40 |    32 ||    72
       Hailstorm         |       |       |    11 |    12 ||    23
       Ice Form          |       |       |       |     6 ||     6
       Magic Dart        |       |       |       |     2 ||     2
Evoke: Wand              |       |       |    12 |     1 ||    13
  Use: Scroll            |       |    10 |    13 |     8 ||    31
       Potion            |       |     3 |     2 |       ||     5
 Stab: Sleeping          |     1 |     3 |    10 |     3 ||    17
Armor: Robe              |    10 |    16 |    44 |       ||    70
       Skin              |       |    22 |       |     4 ||    26
       Steam dragon scal |       |       |    13 |    68 ||    81
Dodge: Dodged            |    29 |    40 |   165 |   161 ||   395
